 Dungeon Crawl Stone Soup version 0.21.1-1-g345015f (webtiles) character file.

93 letownia2 the Poker (level 4, 0/33 HPs)
             Began as a Merfolk Skald on Mar 12, 2018.
             Slain by 1994's ghost (6 damage)
             ... on level 5 of the Dungeon.
             The game lasted 00:05:35 (881 turns).

letownia2 the Poker (Merfolk Skald)                  Turns: 881, Time: 00:05:36

Health: 0/33       AC:  4    Str: 11    XL:     4   Next: 62%
Magic:  2/7        EV: 12    Int: 13    God:
Gold:   59         SH:  0    Dex: 13    Spells: 4/7 levels left

rFire    . . .     SeeInvis .   a - +0 spear
rCold    . . .     Gourm    .   (no shield)
rNeg     . . .     Faith    .   b - +0 leather armour
rPois    .         Spirit   .   g - +0 helmet
rElec    .         Reflect  .   (no cloak)
rCorr    .         Harm     .   (no gloves)
MR       .....                  (no boots)
Stlth    +.........             l - amulet of rage
HPRegen  0.11/turn              n - ring of flight (curse)
MPRegen  0.10/turn              (no ring)

@: no status effects
A: change form in water, swift swim, stealthy swim
a: Evoke Berserk Rage, Evoke Flight


You were on level 5 of the Dungeon.
You were not hungry.

You visited 1 branch of the dungeon, and saw 5 of its levels.

You collected 101 gold pieces.
You spent 42 gold pieces at shops.

Inventory:

Hand Weapons
 a - a +0 spear (weapon)
 j - a +0 hunting sling
Missiles
 k - 47 stones (quivered)
Armour
 b - a +0 leather armour (worn)
 g - a +0 helmet (worn)
 o - a +0 buckler
Jewellery
 l - an amulet of rage (around neck)
 n - a cursed ring of flight (left hand)
Wands
 q - a wand of iceblast (7)
Scrolls
 h - 4 scrolls of identify {unknown}
 i - 2 scrolls of blinking {unknown}
 p - a scroll of random uselessness {unknown}
Potions
 e - a potion of heal wounds
 f - 2 potions of curing {unknown}
Books
 c - a book of Battle

   Spells                             Type                      Level
   a - Infusion                       Charms                       1
   b - Shroud of Golubria             Charms/Translocation         2
   c - Song of Slaying                Charms                       2
   d - Spectral Weapon                Hexes/Charms                 3
   e - Regeneration                   Charms/Necromancy            3
Comestibles
 d - 2 rations


   Skills:
 - Level 2.1 Fighting
 + Level 6.0 Polearms
 - Level 0.6 Armour
 - Level 2.6 Dodging
 - Level 2.0 Spellcasting
 - Level 3.2 Charms
 - Level 1.5 Translocations


You had 4 spell levels left.
You knew the following spells:

 Your Spells              Type           Power        Failure   Level  Hunger
a - Infusion              Chrm           #...         9%          1    ##.....
t - Shroud of Golubria    Chrm/Tloc      #.........   19%         2    ###....


Dungeon Overview and Level Annotations

Branches:
Dungeon (5/15)
 Temple: D:4-7

Altars:
Hepliaklqana

Shops:
D:4 :!

Annotations:
D:3 letownia2's ghost, weakling MfSk
D:4 Eustachio
D:5 1994's ghost, novice DENe


Message History

Your shroud bends 1994's ghost's attack away. 1994's ghost wails, "They lied to you.
The Dungeon just goes down and down forever."
You recover from your berserk rage.
Your shroud begins to fray at the edges.
Found a quarterstaff.
You fail to use your ability. 1994's ghost hits you.
You fail to use your ability. 1994's ghost misses you.
You fail to use your ability. 1994's ghost wails, "You will join me soon!" 1994's ghost hits you but does no damage.
Your magical contamination has completely faded away.
You fail to use your ability. 1994's ghost screams at you, "You cannot imagine the pain and torment in store for you!" 1994's ghost misses you.
You fail to use your ability. 1994's ghost hits you.
* * * LOW HITPOINT WARNING * * *
You hit 1994's ghost but do no damage.
Your shroud unravels. 1994's ghost hits you.
You die...

#. #. #. #. #
###. ######.#.
... .........
#..####.##.#.....
#..)...#WZ...#
#@##.### #.##.#
#.##Z# #.##.#
#.##.# #.##$#
#.##.###.#
#.<(.....#
##.#$#.###


You could see 1994's ghost and a hound skeleton.

Vanquished Creatures
  A scorpion (D:4)
  An adder (D:2)
  A river rat (D:5)
  A leopard gecko (D:1)
  A ball python (D:3)
  4 bats
  A giant cockroach (D:2)
  A goblin (D:3)
  5 hobgoblins
  3 kobolds
  6 frilled lizards
  3 rats (D:2)
28 creatures vanquished.

Notes
Turn   | Place    | Note
-------+----------+-------------------------------------------
     0 | D:1      | letownia2 the Merfolk Skald began the quest for the Orb.
     0 | D:1      | Reached XP level 1. HP: 16/16 MP: 3/3
   164 | D:2      | Found a hazy altar of Hepliaklqana.
   193 | D:2      | Reached skill level 4 in Polearms
   193 | D:2      | Reached XP level 2. HP: 22/22 MP: 5/5
   198 | D:2      | Learned a level 2 spell: Shroud of Golubria
   313 | D:3      | Noticed letownia2's ghost (weakling MfSk)
   394 | D:1      | Reached skill level 1 in Translocations
   439 | D:2      | Reached XP level 3. HP: 27/27 MP: 3/6
   628 | D:4      | Found Juigho's Distillery.
   631 | D:4      | Bought a potion of lignification for 42 gold pieces
   650 | D:4      | Noticed a scorpion
   663 | D:4      | Killed a scorpion
   663 | D:4      | Reached skill level 5 in Polearms
   663 | D:4      | Reached XP level 4. HP: 33/33 MP: 4/7
   759 | D:4      | Found Utyust's Book Shoppe.
   783 | D:4      | Noticed Eustachio
   803 | D:5      | Entered Level 5 of the Dungeon
   803 | D:5      | Noticed 1994's ghost (novice DENe)
   819 | D:5      | Reached skill level 6 in Polearms
   881 | D:5      | Slain by 1994's ghost

Skill      XL: |  1  2  3  4 |
---------------+-------------+-----
Polearms       | 4 5 6 |  6.0
Translocations | 1 |  1.5
Fighting       | |  2.1
Armour         | |  0.6
Dodging        | |  2.6
Spellcasting   | |  2.0
Charms         | |  3.2

Action                   |  1- 3 |  4- 6 || total
-------------------------+-------+-------++-------
Melee: Spear             |    87 |    52 ||   139
 Cast: Infusion          |     1 |       ||     1
       Shroud of Golubri |     8 |     4 ||    12
 Abil: Evoke Berserk Rag |     2 |     1 ||     3
  Use: Potion            |       |     2 ||     2
 Stab: Sleeping          |     2 |       ||     2
  Eat: Chunk             |     1 |       ||     1
       Ration            |       |     1 ||     1
Armor: Leather armour    |    16 |     5 ||    21
       Skin              |       |    31 ||    31
Dodge: Dodged            |    41 |     8 ||    49
